 Dungeon Crawl Stone Soup version 0.18-a0-1560-ge216ca8 (webtiles) character file.

596 Sixotanaka the Conjurer (level 7, -5/41 HPs)
             Began as an Octopode Venom Mage on Mar 12, 2016.
             Was an Initiate of Vehumet.
             Splashed by a jelly's acid (7 damage)
             ... on level 4 of the Dungeon.
             The game lasted 00:10:13 (4531 turns).

Sixotanaka the Conjurer (Octopode Venom Mage)       Turns: 4531, Time: 00:10:13

Health: -5/41      AC: -3    Str:  8    XL:     7   Next: 40%
Magic:  7/10       EV: 12    Int: 18    God:    Vehumet [......]
Gold:   180        SH:  0    Dex: 13    Spells: 3 memorised, 1 level left

rFire  . . .     SeeInvis .     k - +4 dagger (drain)
rCold  . . .     Gourm    .     (no shield)
rNeg   . . .     Faith    .     (helmet restricted)
rPois  .         Spirit   .     (no amulet)
rElec  .         Dismiss  .     (no ring)
rCorr  .         Reflect  .     (no ring)
SustAt .         Harm     .     (no ring)
MR     .....                    (no ring)
Stlth  +++.......               (no ring)
                                (no ring)
                                (no ring)
                                (no ring)

@: corroded equipment, not resistant to hostile enchantments, fairly stealthy
A: almost no armour, amphibious, 8 rings, constrict 8, camouflage 1, gelatinous
body 1
a: Renounce Religion


You were on level 4 of the Dungeon.
You worshipped Vehumet.
Vehumet was noncommittal.
You were not hungry.

You visited 2 branches of the dungeon, and saw 5 of its levels.

You collected 180 gold pieces.


Innate Abilities, Weirdness & Mutations

You cannot wear most types of armour.
You are amphibious.
You can wear up to eight rings at the same time.
You can use your tentacles to constrict eight enemies at once.
Your skin changes colour to match your surroundings (Stealth).
Your rubbery body absorbs attacks (AC +1).


   Skills:
 - Level 2.0 Dodging
 - Level 2.6 Stealth
 - Level 2.0 Spellcasting
 + Level 7.0 Conjurations
 - Level 6.0 Poison Magic


You had one spell level left.
You knew the following spells:

 Your Spells              Type           Power        Failure   Level  Hunger
c - Mephitic Cloud        Conj/Pois/Air  ###.....     12%         3    ###....
x - Venom Bolt            Conj/Pois      ####......   34%         5    ######.
z - Sting                 Conj/Pois      ####         1%          1    #......


Dungeon Overview and Level Annotations

Branches:
Dungeon (4/15)             Temple (1/1) D:4

Altars:
Ashenzari
Cheibriados
Fedhas
Kikubaaqudgha
Makhleb
Okawaru
Pakellas
Qazlal
Sif Muna
Trog
Vehumet
Yredelemnul
Zin
The Shining One

Shops:
D:4 (

Annotations:
D:1 1 runed door
D:3 Ultraviolent4's ghost, amateur MiBe

Inventory:

Hand Weapons
 k - a +4 dagger of draining (weapon)
   (You took it off a goblin on level 1 of the Dungeon)
 o - a +0 blowgun
 u - a +0 spear
Missiles
 s - 6 curare-tipped needles
Scrolls
 d - 2 scrolls of identify {unknown}
 g - a scroll of enchant armour {unknown}
 h - a scroll of magic mapping {unknown}
 i - a scroll of random uselessness {unknown}
 l - a scroll of immolation {unknown}
 m - 2 scrolls of teleportation {unknown}
 n - a scroll of remove curse {unknown}
 p - a scroll of fog {unknown}
Potions
 c - a potion of mutation {unknown}
 e - a potion of agility {unknown}
 j - a potion of cancellation {unknown}
 q - a potion of haste {@q3}
Books
 a - a Young Poisoner's Handbook
Comestibles
 b - 3 bread rations
 f - a meat ration
 t - 3 fruits

##### ....# ###.#
##################### #(#
#.....#.............#
###(########)....#.###########.#
..#.)..).........#.# #.#
..#########(....@#.##### #.# ..#
#............J.....# #.#
...##.####.####§§§S...## #.#
...(. .......§..>...# #.# ....#.
###.#..........# #.# .....
#.#..#.......########)# .....
.............'........# #.
.....#.......##########
..............#


You could see a jelly and an adder (confused).


Message History

The sting hits the orc priest.
The orc priest is poisoned.
Casting: Sting
Aiming: Sting
Aim: an orc priest, wielding a whip (moderately wounded, poisoned)
The sting misses the orc priest.
The orc priest barely misses you.
Casting: Sting
Aiming: Sting
Aim: an orc priest, wielding a whip (moderately wounded, poisoned)
The sting hits the orc priest.
The orc priest looks even sicker.
The orc priest barely misses you.
You closely miss the orc priest. You grab the orc priest.
You squeeze the orc priest!
You kill the orc priest!
Vehumet accepts your kill.
Your Conjurations skill increases to level 7!
You start resting.
You start resting.
You see here a whip.
There is an open door here.
The jelly is too close now for your liking.
Casting: Sting
Aiming: Sting
Aim: a jelly (hasn't noticed you)
The sting hits the jelly.
The jelly quivers.
All of the chunks of flesh in your inventory have rotted away.
There is an open door here.
Casting: Sting
Aiming: Sting
Aim: a jelly (lightly wounded)
The sting hits the jelly.
Casting: Sting
Aiming: Sting
Aim: a jelly (lightly wounded)
The sting hits the jelly.
Casting: Sting
Aiming: Sting
Aim: a jelly (lightly wounded)
The sting hits the jelly.
The jelly completely resists.
Casting: Sting
Aiming: Sting
Aim: a jelly (lightly wounded)
The sting hits the jelly.
You hit the jelly. You drain the jelly! The acid corrodes you!
Your tentacles burn!
The jelly completely misses you.
You hit the jelly but do no damage. You drain the jelly! The acid corrodes you!
Your tentacles burn!
The jelly barely misses you.
You hit the jelly. You drain the jelly!
Your tentacles burn!
The jelly hits you.
You are splashed with acid!
The acid burns!
* * * LOW HITPOINT WARNING * * *
You hit the jelly but do no damage.
Your tentacles burn!
* * * LOW HITPOINT WARNING * * *
The jelly hits you.
* * * LOW HITPOINT WARNING * * *
You are splashed with acid!
The acid burns!
* * * LOW HITPOINT WARNING * * *
You see here a whip.
An adder comes into view.
You are no longer corroded.
The jelly seems less drained.
The adder bites you.
* * * LOW HITPOINT WARNING * * *
Casting: Sting
Aiming: Mephitic Cloud The ball explodes into a vile cloud!
The stinking cloud engulfs the adder.
The stinking cloud engulfs the jelly.
The adder is engulfed in noxious fumes.
The adder appears confused.
The jelly hits you.
* * * LOW HITPOINT WARNING * * *
You are splashed with acid!
The acid corrodes you!
The acid burns!
You die...

Action                   |  1- 3 |  4- 6 |  7- 9 || total
-------------------------+-------+-------+-------++-------
Melee: Dagger            |     9 |    77 |    51 ||   137
       Spear             |       |       |     2 ||     2
 Cast: Sting             |    32 |    76 |    11 ||   119
       Mephitic Cloud    |       |     1 |     1 ||     2
  Use: Potion            |       |     5 |     3 ||     8
 Stab: Sleeping          |     5 |     5 |       ||    10
       Confused          |       |     1 |       ||     1
  Eat: Chunk             |     1 |     6 |       ||     7
       Pizza             |       |     1 |       ||     1
       Meat ration       |       |     1 |       ||     1

Vault maps used:
D:1:      dpeg_arrival_caged_fury, minmay_misc_feat_doors,
          hangedman_decor_growths
D:2:      roderic_roman_lattice, fedhas_altar_2, uniq_jessica
D:3:      portal_sewer_entry_e, first_bread
D:4:      gammafunk_temple_overflow_wave, minmay_temple_entry_trees,
          serial_shops, nicolae_shop_trees, grunt_pakellas_basics, uniq_edmund
Temple:   grunt_circular_temple_18

Notes
Turn   | Place    | Note
--------------------------------------------------------------
     0 | D:1      | Sixotanaka the Octopode Venom Mage began the quest for the Orb.
     0 | D:1      | Reached XP level 1. HP: 11/11 MP: 3/3
     0 | D:1      | Noticed a jelly
     1 | D:1      | Found a runed door.
    89 | D:1      | Reached skill level 5 in Poison Magic
   403 | D:1      | Reached XP level 2. HP: 17/17 MP: 0/5
   942 | D:2      | Reached skill level 1 in Conjurations
  1050 | D:2      | Noticed Jessica
  1052 | D:2      | Killed Jessica
  1052 | D:2      | Reached skill level 6 in Poison Magic
  1052 | D:2      | Reached XP level 3. HP: 21/21 MP: 6/6
  1108 | D:2      | Learned a level 3 spell: Mephitic Cloud
  1124 | D:2      | Found a blossoming altar of Fedhas.
  1152 | D:2      | Reached skill level 2 in Conjurations
  1152 | D:2      | Reached XP level 4. HP: 23/27 MP: 3/7
  1923 | D:3      | HP: 4/27 [orc (5)]
  1927 | D:3      | Reached skill level 3 in Conjurations
  1930 | D:3      | HP: 3/27 [poisoned by an adder]
  2168 | D:3      | Noticed Ultraviolent4's ghost (amateur MiBe)
  2364 | D:3      | Reached XP level 5. HP: 31/31 MP: 2/8
  2383 | D:3      | HP: 7/31 [adder (3)]
  2389 | D:3      | HP: 6/46 [poisoned by an adder]
  2849 | D:4      | Noticed a phantom
  2921 | D:4      | Noticed Edmund
  2940 | D:4      | Killed Edmund
  2940 | D:4      | Reached skill level 5 in Conjurations
  2940 | D:4      | Reached XP level 6. HP: 12/36 MP: 1/9
  3172 | D:4      | Found an oddly glowing altar of Pakellas.
  3185 | D:4      | Found a staircase to the Ecumenical Temple.
  3193 | Temple   | Entered the Ecumenical Temple
  3223 | Temple   | Became a worshipper of Vehumet
  3540 | D:4      | Learned a level 5 spell: Venom Bolt
  3573 | D:4      | HP: 9/36 [acid (4)]
  3813 | D:4      | Found Otughoz's Antique Weapon Shop.
  3862 | D:4      | Reached skill level 6 in Conjurations
  3870 | D:4      | Reached XP level 7. HP: 41/41 MP: 2/10
  3936 | D:4      | HP: 10/41 [phantom (8)]
  3937 | D:4      | HP: 1/41 [phantom (9)]
  4320 | D:4      | Reached skill level 7 in Conjurations
  4501 | D:4      | HP: 2/41 [acid (10)]
  4529 | D:4      | HP: 3/41 [adder (3)]
  4531 | D:4      | Splashed by a jelly's acid

Vanquished Creatures
  Edmund (D:4)
  A phantom (D:4)
  A big kobold (D:4)
  A jelly (D:4)
  An orc priest (D:4)
  A gnoll shaman (D:4)
  Jessica (D:2)
  A hound skeleton (D:4)
  4 gnolls (D:4)
  5 adders
  A river rat (D:3)
  2 oozes
  A worm (D:3)
  3 giant geckos
  9 orcs (D:3)
  5 bats
  5 giant cockroaches
  7 goblins
  5 hobgoblins
  4 jackals (D:3)
  A quokka (D:2)
  2 ball pythons (D:1)
  2 giant newts
  A jackal skeleton (D:4)
  8 kobolds
  11 rats
84 creatures vanquished.
